 Dungeon Crawl Stone Soup version 0.31-a0-370-g25055926c8 (webtiles) character file.

Game seed: 8091486023039456702

41205 dakonic the Cleaver (level 13, -1/93 HPs)
             Began as a Demonspawn Chaos Knight on July 28, 2023.
             Was a Plaything of Xom.
             Slain by a nine-headed hydra (8 damage)
             ... on level 5 of the Lair of Beasts on July 29, 2023.
             The game lasted 01:58:53 (13706 turns).

dakonic the Cleaver (Demonspawn Chaos Knight)      Turns: 13706, Time: 01:58:54

Health: -1/93      AC: 13    Str: 14    XL:     13   Next: 78%
Magic:  13/13      EV: 16    Int: 12    God:    Xom [..*...]
Gold:   589        SH:  0    Dex: 22    Spells: 12/12 levels left

rFire   . . .        a - +2 hand axe (chaos)
rCold   . . .        (no shield)
rNeg    + . .        o - +5 ring mail
rPois   .            (helmet restricted)
rElec   .            m - +0 cloak
rCorr   .            (gloves unavailable)
SInv    .            (boots unavailable)
Will    +....        u - amulet of regeneration
Stlth   +            h - ring of positive energy
HPRegen 1.15/turn    q - ring of willpower
MPRegen 0.13/turn

%: no passive effects
@: confused
A: hooves 3, horns 1, powered by death 3, demonic magic 2, demonic touch 3, thin
skeletal structure 1, agile 1, frail 1, screaming 1, inability to drink after
injury 1
a: Renounce Religion


You were on level 5 of the Lair of Beasts.
You worshipped Xom.
You were a toy of Xom.
You visited 6 branches of the dungeon, and saw 19 of its levels.
You also visited: Ossuary.

You collected 902 gold pieces.
You spent 313 gold pieces at shops.

Inventory:

Hand Weapons
 a - a +2 hand axe of chaos (weapon)
 w - a +2 morningstar of freezing
 x - a +4 hand axe of freezing
Missiles
 b - 7 poisoned darts
 e - 115 stones
 p - a curare-tipped dart
 G - 2 boomerangs of dispersal
 P - 3 throwing nets
Armour
 i - the +0 scale mail of the Moon {Str-4 Int+6}
   (You found it in an ossuary)

   Str:       It affects your strength (-4).
   Int:       It affects your intelligence (+6).
 l - the +0 leather armour "Uneol" {rPois rC+ rN+ Dex+3}
   (You found it on level 6 of the Dungeon)

   Dex:       It affects your dexterity (+3).
   rC:        It protects you from cold.
   rPois:     It protects you from poison.
   rN:        It protects you from negative energy.
 m - a +0 cloak (worn)
 o - a +5 ring mail (worn)
 v - a +2 helmet
Magical Staves
 n - a staff of death
Jewellery
 d - an amulet of guardian spirit
 h - a ring of positive energy (left hand)
 q - a ring of willpower (right hand)
 r - a ring of protection from fire
 u - an amulet of regeneration (around neck)
 F - a ring of protection from fire
 J - a ring of wizardry
 S - a ring of ice
 W - a +6 ring of intelligence
Wands
 E - a wand of iceblast (4)
 H - a wand of mindburst (3)
 I - a wand of polymorph (4)
 L - a wand of paralysis (4)
 Q - a wand of flame (14)
Scrolls
 g - 3 scrolls of identify
 j - 2 scrolls of teleportation
 k - 4 scrolls of brand weapon
 t - a scroll of amnesia
 y - 2 scrolls of enchant weapon
 K - 5 scrolls of revelation
 R - a scroll of fog
 T - a scroll of blinking
 U - a scroll of enchant armour
Potions
 s - 4 potions of lignification
 z - 4 potions of brilliance
 A - a potion of enlightenment
 B - a potion of haste
 C - a potion of magic
 D - a potion of invisibility
 M - a potion of resistance
 O - 3 potions of attraction
 V - a potion of berserk rage
Miscellaneous
 c - a piece from Xom's chessboard (10/15) (quivered)


   Skills:
 + Level 10.4 Fighting
 - Level 14.0 Axes
 + Level 9.1 Armour
 + Level 7.5 Dodging
 - Level 2.1 Stealth
 * Level 10.5 Evocations


You had 12 spell levels left.
You didn't know any spells.
Your spell library contained the following spells:

 Spells                   Type           Power      Damage    Failure   Level
 Kiss of Death            Conj/Necr      0%         2d5       52%         1
 Wereblood                Tmut           0%         N/A       65%         2
 Call Canine Familiar     Summ           0%         N/A       87%         3
 Confusing Touch          Hex            0%         N/A       87%         3
 Dazzling Flash           Conj/Hex       0%         N/A       87%         3
 Portal Projectile        Hex/Tloc       0%         N/A       87%         3
 Summon Guardian Golem    Hex/Summ       0%         N/A       87%         3
 Tukima's Dance           Hex            0%         N/A       87%         3
 Volatile Blastmotes      Fire/Tloc      0%         2d10      87%         3
 Dispel Undead            Necr           0%         3d6       99%         4
 Leda's Liquefaction      Hex/Erth       0%         N/A       99%         4
 Passage of Golubria      Tloc           0%         N/A       99%         4
 Summon Lightning Spire   Summ/Air       0%         N/A       99%         4
 Alistair's Intoxication  Tmut/Pois      0%         N/A       100%        5
 Yara's Violent Unravell  Hex/Tmut       0%         3d3       100%        5
 Starburst                Conj/Fire      0%         6d3       100%        6
 Summon Cactus Giant      Summ           0%         N/A       100%        6
 Maxwell's Capacitive Co  Air            0%         ∞         100%        8


Dungeon Overview and Level Annotations

Branches:
Dungeon (10/15)            Temple (1/1) D:6            Lair (5/5) D:9
 Shoals (1/4) Lair:2       Spider (1/4) Lair:3        Slime (1/5) Lair:4
Ossuary (visited)
    Orc: D:9-12

Altars:
Ashenzari
Cheibriados
Dithmenos
Gozag
Hepliaklqana
Kikubaaqudgha
Makhleb
Nemelex Xobeh
Okawaru
Qazlal
Ru
Sif Muna
Trog
Uskayaw
Vehumet
Wu Jian
Xom
Yredelemnul

Shops:
D:3 (((   D:6 =!*?

Annotations:
D:2 Sigmund
Lair:2 1 runed translucent door, grizmgrazm2's ghost, journeyman TrSh
Lair:5 3 runed translucent doors, CrazyBamboolord's ghost, journeyman DsIE; Impy's ghost, journeyman DsSh


Innate Abilities, Weirdness & Mutations

You have hooves in place of feet.
You have a pair of small horns on your head.
You regenerate a lot of health from kills.
Spells you cast may paralyse nearby enemies.
Your touch may irresistibly damage your foes and sap their willpower.
You have a somewhat thin skeletal structure. (Dex +2, Stealth+)
You are agile. (Dex +4, Str/Int -1)
You are frail. (-10% HP)
You occasionally shout uncontrollably at your foes.
You occasionally lose the ability to drink potions when taking damage.


Message History

The eight-headed hydra looks momentarily different.
Xom's power touches on your mind for a moment.
You are confused.
You are now a toy of Xom.
The eight-headed hydra misses you. The eight-headed hydra bites you!
The eight-headed hydra bites you. x2
* * * LOW HITPOINT WARNING * * *
The eight-headed hydra bites you!
* * * LOW HITPOINT WARNING * * *
The eight-headed hydra bites you but does no damage. x2
The eight-headed hydra misses you.
You are too confused!
You lop one of the eight-headed hydra's heads off!
The seven-headed hydra grows two more!
You hit the nine-headed hydra.
The nine-headed hydra seems to slow down.
You freeze the nine-headed hydra. You kick the nine-headed hydra!
You headbutt the nine-headed hydra.
The nine-headed hydra is moderately wounded.
You hit the plant.
The plant begins to die.
Xom smirks.
You detect creatures!
You slash the plant! You kick the plant! You headbutt the plant.
The plant is lightly damaged.
You hit the nine-headed hydra.
The nine-headed hydra resists with almost no effort.
A nearby plant withers and dies.
Xom smirks.
You detect creatures!
The nine-headed hydra is no longer moving slowly.
You're too confused to move!
The nine-headed hydra bites you but does no damage.
The nine-headed hydra closely misses you. x2
The nine-headed hydra bites you.
* * * LOW HITPOINT WARNING * * *
The nine-headed hydra bites you but does no damage.
The nine-headed hydra bites you!
* * * LOW HITPOINT WARNING * * *
The nine-headed hydra bites you!
You die...
Xom titters!

................. ...P
.........P....###.....S
.........P..###)...# P#
..........###..$#* * #
......#.###...†##,, ,#
....#...#...†.##, , #
.#.##.#...††.## ,* ,,
## ##......## . * ,,
#@D.†.## .. ,,, ####
#..†.## ... , , ##..#
#....##.P..* S,
#.P†#####....P.PPP* ,*
* ##.....##....#P...P *
## #........#.........*
#. ##......PPP...P##.P
##. #...........#### .*
#.# ##..........# * ###


You could see a nine-headed hydra.

Vanquished Creatures
  A fire dragon (Lair:3)
  A boulder beetle (Lair:5)
  A two-headed ogre (shapeshifter) (Lair:1)
  Nergalle (Lair:2)
  A harpy (Lair:2)
  2 lindwurms (Lair:4)
  A cyclops (D:9)
  3 wolf spiders
  A torpor snail (Lair:1)
  10 black mambas
  12 cane toads
  8 komodo dragons
  An unseen horror zombie (D:9)
  A komodo dragon (shapeshifter) (Lair:5)
  A troll (D:9)
  2 polar bears (Lair:4)
  2 merfolk (Shoals:1)
  2 hornets (Lair:5)
  16 dream sheep
  A snapping turtle (Shoals:1)
  17 blink frogs
  2 slime creatures (Lair:4)
  A spriggan (shapeshifter) (Lair:5)
  11 wyverns
  24 yaks
  3 basilisks
  A hog (Lair:1)
  A golden eye (Lair:5)
  3 vampire mosquitoes (D:8)
  A steam dragon (Lair:1)
  3 redbacks
  33 water moccasins
  2 black bears (D:6)
  A hornet zombie (D:9)
  2 swamp drakes (Lair:5)
  2 sky beasts
  An orc warrior (D:8)
  20 wolves
  An ice beast (D:6)
  2 ogres (D:7)
  A boggart (D:9)
  A phantom (D:5)
  A kobold brigand (D:4)
  8 bullfrogs
  3 elf zombies (Ossuary)
  A gnoll sergeant (D:9)
  3 scorpions
  13 wights
  14 killer bees
  7 electric eels
  5 howler monkeys
  4 centaur zombies (D:9)
  2 human zombies (Ossuary)
  11 hounds
  3 jellies
  2 orc priests
  A gnoll bouda (D:6)
  A sleepcap (D:6)
  6 iguanas
  Terence (D:3)
  3 orc wizards
  3 hound zombies (Ossuary)
  4 mummies (Ossuary)
  2 howler monkey zombies (D:9)
  27 adders
  18 gnolls
  A shadow imp (D:7)
  2 white imps
  An ufetubus (D:6)
  An adder zombie (Ossuary)
  4 worms
  17 orcs
  6 ball pythons
  2 bat zombies (D:4)
  10 endoplasms
  7 giant cockroaches
  3 goblins
  5 hobgoblins
  10 jackals
  8 kobolds
  4 quokkas
  A bat (D:3)
  3 frilled lizards
  3 goblin zombies
  A hobgoblin zombie (D:3)
  A kobold skeleton (D:3)
  A kobold zombie (D:3)
  An orc skeleton (D:3)
  2 orc zombies (Ossuary)
  5 rats
  2 rat zombies (D:4)
445 creatures vanquished.

Vanquished Creatures (collateral kills)
  A cane toad (Lair:2)
  A wyvern (Lair:2)
  A steam dragon (D:8)
  A water moccasin (Lair:2)
  A wolf (Lair:1)
  A bullfrog (D:8)
  A howler monkey (D:8)
  A crimson imp (D:3)
  3 orc wizards (D:8)
  A gnoll (D:3)
  6 orcs (D:8)
  A goblin skeleton (D:3)
  An orc skeleton (D:3)
20 creatures vanquished.

Vanquished Creatures (others)
  A water moccasin (Lair:2)
  A bullfrog (Lair:2)
  A killer bee (D:8)
  A hound (D:6)
  An iguana (Lair:5)
5 creatures vanquished.

Grand Total: 470 creatures vanquished

Notes
Turn   | Place    | Note
-------+----------+-------------------------------------------
     0 | D:1      | dakonic the Demonspawn Chaos Knight began the quest for the
                  | Orb.
     0 | D:1      | Reached XP level 1. HP: 18/18 MP: 1/1
   114 | D:1      | Reached skill level 3 in Axes
   169 | D:1      | XOM: noise
   207 | D:1      | Reached skill level 1 in Dodging
   207 | D:1      | Gained mutation: You regenerate a little health from kills.
                  | [demonic ancestry]
   207 | D:1      | Reached XP level 2. HP: 12/24 MP: 2/2
   293 | D:1      | XOM: divination: magic mapping
   415 | D:1      | Discovered your monstrous ancestry.
   415 | D:1      | Gained mutation: Your touch may inflict minor irresistible
                  | damage on your foes. [demonic ancestry]
   415 | D:1      | Reached XP level 3. HP: 29/29 MP: 3/3
   679 | D:2      | Reached skill level 1 in Evocations
   959 | D:2      | XOM: cloud trail
  1009 | D:2      | Noticed Sigmund
  1020 | D:2      | Upgraded the game from 0.31-a0-366-ga77b45bd9b to
                  | 0.31-a0-370-g25055926c8
  1220 | D:3      | Found Noshal's Antique Weapon Shop.
  1220 | D:3      | XOM: 1-stop teleportation journey
  1289 | D:3      | XOM: cast spell 'Summon Mana Viper'
  1292 | D:3      | Gained mutation: Your touch may inflict irresistible damage
                  | on your foes. [demonic ancestry]
  1292 | D:3      | Reached XP level 4. HP: 30/35 MP: 4/4
  1341 | D:3      | XOM: butterfly on damage
  1342 | D:3      | XOM: potion effect (invisibility)
  1416 | D:3      | Gained mutation: You regenerate health from kills. [demonic
                  | ancestry]
  1416 | D:3      | Reached XP level 5. HP: 28/41 MP: 5/5
  1499 | D:3      | Found an opulent altar of Gozag.
  1503 | D:3      | Found Puqa's Weapon Shop.
  1538 | D:3      | XOM: silly message
  1553 | D:3      | Found Wolos's Weapon Emporium.
  1560 | D:3      | XOM: noise
  1565 | D:3      | Noticed Terence
  1583 | D:3      | XOM: noise
  1585 | D:3      | Killed Terence
  1586 | D:3      | Reached skill level 4 in Axes
  2069 | D:3      | XOM: 4-stop teleportation journey
  2496 | D:5      | Entered Level 5 of the Dungeon
  2501 | D:4      | XOM: 2-stop teleportation journey
  2547 | D:4      | XOM: potion effect (might)
  2574 | D:4      | XOM: god gift: staff of death
  2607 | D:4      | Gained mutation: Spells you cast may paralyse adjacent
                  | enemies. [demonic ancestry]
  2607 | D:4      | Reached XP level 6. HP: 47/48 MP: 6/6
  2631 | D:4      | XOM: 1-stop teleportation journey
  2796 | D:4      | XOM: god gift: 6 stones
  2948 | D:4      | XOM: cleaving
  3143 | D:4      | XOM: give mutation
  3143 | D:4      | Gained mutation: You are robust. (+10% HP) [Xom's grace]
  3259 | D:4      | Reached XP level 7. HP: 58/58 MP: 7/7
  3326 | D:4      | Reached skill level 5 in Axes
  3332 | D:4      | Found an ancient bone altar of Kikubaaqudgha.
  3556 | D:5      | Found a shimmering altar of Xom.
  3569 | D:5      | Found a broken altar of Ashenzari.
  3719 | D:6      | Found Ehac's Jewellery Shop.
  3791 | D:6      | Reached skill level 1 in Stealth
  3821 | D:6      | XOM: 3-stop teleportation journey
  3858 | D:6      | Found a staircase to the Ecumenical Temple.
  3864 | Temple   | Entered the Ecumenical Temple
  3894 | D:6      | Gained mutation: Your touch may irresistibly damage your
                  | foes and sap their willpower. [demonic ancestry]
  3894 | D:6      | Reached XP level 8. HP: 66/66 MP: 8/8
  3924 | D:6      | Found Ujampy Posche's Magic Scroll Boutique.
  3937 | D:6      | Reached skill level 6 in Axes
  3965 | D:6      | Bought a scroll of enchant armour for 82 gold pieces
  3997 | D:6      | Identified the +0 leather armour "Uneol" {rPois rC+ rN+
                  | Dex+3}
  4163 | D:6      | Found Bowao's General Store.
  4168 | D:6      | Bought a +2 helmet for 231 gold pieces
  4192 | D:6      | XOM: cloud trail
  4206 | D:6      | XOM: destruction
  4233 | D:6      | Found Gexeva's Distillery.
  4499 | D:7      | XOM: cast spell 'Metabolic Englaciation'
  4591 | D:7      | Reached skill level 7 in Axes
  4923 | D:7      | XOM: divination: magic mapping
  5005 | D:8      | XOM: enchant monster (good)
  5012 | D:8      | XOM: summons 2 friendly demons
  5015 | D:8      | XOM: enchant monster (good)
  5038 | D:7      | Reached skill level 5 in Armour
  5038 | D:7      | Gained mutation: You have large cloven feet. [demonic
                  | ancestry]
  5038 | D:7      | Reached XP level 9. HP: 56/73 MP: 9/9
  5152 | D:8      | XOM: fog
  5154 | D:8      | XOM: confuse monster(s)
  5157 | D:8      | Reached skill level 5 in Evocations
  5157 | D:8      | XOM: enchant monster (good)
  5158 | D:8      | Reached skill level 5 in Fighting
  5162 | D:8      | Reached skill level 8 in Axes
  5201 | D:8      | Found a sand-covered staircase.
  5206 | Ossuary  | Entered an ossuary
  5214 | Ossuary  | XOM: potion effect (brilliance)
  5227 | Ossuary  | XOM: fog
  5326 | Ossuary  | Identified the +0 scale mail of the Moon {Str-4 Int+6}
  5445 | D:8      | Reached skill level 9 in Axes
  5929 | D:7      | XOM: god gift: boomerang of dispersal
  6107 | D:8      | Found a sacrificial altar of Ru.
  6120 | D:8      | Gained mutation: Spells you cast may paralyse nearby
                  | enemies. [demonic ancestry]
  6120 | D:8      | Reached XP level 10. HP: 81/81 MP: 10/10
  6148 | D:8      | XOM: summons 2 friendly demons
  6150 | D:8      | XOM: give mutations
  6150 | D:8      | Gained mutation: Potions are less effective at restoring
                  | your health. [Xom's mischief]
  6150 | D:8      | Gained mutation: You are partially covered in iridescent
                  | scales. (AC +2) [Xom's mischief]
  6150 | D:8      | Gained mutation: You have hoof-like feet. [Xom's mischief]
  6306 | D:8      | XOM: give mutations
  6306 | D:8      | Lost mutation: You are partially covered in iridescent
                  | scales. (AC +2) [Xom's mischief]
  6306 | D:8      | Gained mutation: You occasionally shout uncontrollably at
                  | your foes. [Xom's mischief]
  6306 | D:8      | Lost mutation: You are robust. (+10% HP) [Xom's mischief]
  6388 | D:8      | XOM: give mutations
  6388 | D:8      | Gained mutation: You occasionally lose the ability to drink
                  | potions when taking damage. [Xom's mischief]
  6388 | D:8      | Gained mutation: You are vulnerable to heat. (rF-) [Xom's
                  | mischief]
  6497 | D:10     | XOM: noise
  6497 | D:10     | Entered Level 10 of the Dungeon
  6542 | D:9      | Found a basalt altar of Yredelemnul.
  6564 | D:9      | Reached skill level 10 in Axes
  6599 | D:9      | Found a staircase to the Lair.
  6609 | D:9      | XOM: summons 6 hostile demons
  6736 | D:9      | Found a transporter.
  6737 | D:9      | Found a transporter.
  6741 | D:9      | Found a transporter.
  6743 | D:9      | Found a transporter.
  6918 | D:9      | Found a shadowy altar of Dithmenos.
  6934 | D:9      | XOM: noise
  6955 | D:9      | XOM: confusion (+ monsters)
  7019 | D:9      | XOM: smoke on damage
  7162 | D:9      | XOM: enchant monster (bad)
  7195 | D:9      | XOM: give mutations
  7195 | D:9      | Lost mutation: You are vulnerable to heat. (rF-) [Xom's
                  | mischief]
  7195 | D:9      | Gained mutation: You have hooves in place of feet. [Xom's
                  | mischief]
  7195 | D:9      | Lost mutation: Potions are less effective at restoring your
                  | health. [Xom's mischief]
  7502 | D:9      | Found a burning altar of Makhleb.
  7539 | D:9      | Noticed a cyclops
  7544 | D:9      | XOM: silly message
  7551 | D:9      | Killed a cyclops
  7730 | Lair:1   | Entered Level 1 of the Lair of Beasts
  7758 | Lair:1   | XOM: cloud trail
  7782 | Lair:1   | Noticed a cane toad
  7786 | Lair:1   | Killed a cane toad
  7787 | Lair:1   | Reached skill level 11 in Axes
  7787 | Lair:1   | Gained mutation: You have a pair of small horns on your
                  | head. [demonic ancestry]
  7787 | Lair:1   | Reached XP level 11. HP: 83/83 MP: 11/11
  7841 | Lair:1   | XOM: 4-stop teleportation journey
  7900 | Lair:1   | XOM: summons 10 friendly demons
  7939 | Lair:1   | XOM: snakes to sticks
  7946 | Lair:1   | XOM: potion effect (brilliance)
  7950 | Lair:1   | XOM: enchant monster (good)
  7951 | Lair:1   | XOM: destruction
  7993 | Lair:1   | XOM: summons 8 friendly demons
  8075 | Lair:1   | XOM: 7-stop teleportation journey
  8085 | Lair:1   | XOM: butterfly on damage
  8187 | Lair:1   | an electric eel changed into a glowing shapeshifter
  8187 | Lair:1   | Noticed a glowing shapeshifter (glowing shapeshifter)
  8188 | Lair:1   | a glowing shapeshifter changed into a faun
  8189 | Lair:1   | XOM: snakes to sticks
  8193 | Lair:1   | a faun changed into a lindwurm
  8193 | Lair:1   | Noticed a lindwurm (glowing shapeshifter)
  8196 | Lair:1   | a lindwurm changed into a two-headed ogre
  8196 | Lair:1   | Noticed a two-headed ogre (glowing shapeshifter)
  8203 | Lair:1   | Killed a two-headed ogre
  8287 | Lair:1   | XOM: summons 6 hostile demons
  8290 | Lair:1   | XOM: polymorph adder -> iguana
  8301 | Lair:1   | XOM: swap monsters
  8366 | Lair:1   | XOM: polymorph fire bat -> hog
  8503 | Lair:1   | XOM: silly message
  8534 | Lair:1   | XOM: polymorph electric eel -> steam dragon
  8549 | Lair:1   | Reached skill level 12 in Axes
  8759 | Lair:1   | XOM: summons 3 hostile shadow creatures
  8782 | Lair:1   | XOM: blink monster(s)
  9002 | Lair:1   | XOM: god gift: 27 gold pieces
  9196 | Lair:1   | XOM: summons friendly white imp
  9205 | Lair:1   | XOM: polymorph white imp -> quasit
  9298 | Lair:2   | Noticed a harpy
  9303 | Lair:2   | XOM: cast spell 'Summon Ice Beast'
  9305 | Lair:2   | Reached skill level 5 in Dodging
  9328 | Lair:2   | XOM: god gift: Roysior's Reference Book on Transition and
                  | Leadership {god gift}
  9329 | Lair:2   | Got Roysior's Reference Book on Transition and Leadership
                  | {god gift}
  9340 | Lair:2   | Killed a harpy
  9347 | Lair:2   | Found a staircase to the Shoals.
  9391 | Lair:2   | XOM: divination: detect creatures
  9444 | Lair:2   | XOM: cast spell 'Summon Ice Beast'
  9448 | Lair:2   | XOM: fog
  9462 | Lair:2   | XOM: smoke on damage
  9470 | Lair:2   | Mutation became permanent: You have hoof-like feet.
                  | [demonic ancestry]
  9470 | Lair:2   | Gained mutation: You have hooves in place of feet. [demonic
                  | ancestry]
  9470 | Lair:2   | Reached XP level 12. HP: 63/92 MP: 12/12
  9477 | Lair:2   | XOM: divine lightning
  9482 | Lair:2   | XOM: divination: detect items
  9487 | Lair:2   | XOM: summons friendly white imp
  9490 | Lair:2   | XOM: cast spell 'Dispersal'
  9573 | Lair:2   | Noticed Nergalle
  9582 | Lair:2   | Killed Nergalle
  9746 | Lair:2   | Found a hazy altar of Hepliaklqana.
  9747 | Lair:2   | Found a runed translucent door.
  9748 | Lair:2   | Found a shimmering altar of Xom.
  9748 | Lair:2   | Noticed grizmgrazm2's ghost (journeyman TrSh)
  9794 | Lair:2   | XOM: confuse monster(s)
  9829 | Lair:2   | XOM: cleaving
  9837 | Lair:2   | XOM: enchant monster (bad)
  9851 | Lair:2   | XOM: confusion (+ monsters)
  9852 | Lair:2   | XOM: blink monster(s)
  9857 | Lair:2   | XOM: enchant monster (good)
  9971 | Lair:2   | XOM: give mutations
  9971 | Lair:2   | Gained mutation: You are frail. (-10% HP) [Xom's mischief]
  9971 | Lair:2   | Gained mutation: You have a somewhat thin skeletal
                  | structure. (Dex +2, Stealth+) [Xom's mischief]
  9971 | Lair:2   | Gained mutation: You are dopey. (Int -2) [Xom's mischief]
 10276 | Shoals:1 | Entered Level 1 of the Shoals
 10282 | Shoals:1 | XOM: confuse monster(s)
 10286 | Shoals:1 | XOM: confuse monster(s)
 10297 | Shoals:1 | XOM: cast spell 'Cause Fear'
 10304 | Shoals:1 | XOM: enchant monster (bad)
 10400 | Lair:3   | XOM: potion effect (berserk rage)
 10404 | Lair:2   | Reached skill level 13 in Axes
 10448 | Lair:3   | Identified the +5 shortbow "Itimeat" {heavy, Str+2}
 10464 | Lair:3   | Found a hole to the Spider Nest.
 10507 | Lair:3   | XOM: divination: magic mapping
 10548 | Lair:3   | XOM: silly message
 10767 | Lair:3   | XOM: divination: detect items
 11310 | Spider:1 | Entered Level 1 of the Spider Nest
 11310 | Spider:1 | Noticed a spark wasp
 11328 | Lair:4   | Noticed a six-headed hydra
 11329 | Lair:4   | Noticed a seven-headed hydra
 11336 | Lair:4   | XOM: potion effect (invisibility)
 11344 | Lair:3   | a ten-headed hydra changed into a fire dragon
 11344 | Lair:3   | Noticed a fire dragon
 11345 | Lair:3   | XOM: summons 2 friendly demons
 11349 | Lair:3   | Killed a fire dragon
 11541 | Lair:4   | Found a staircase to the Slime Pits.
 11584 | Slime:1  | Entered Level 1 of the Pits of Slime
 11607 | Lair:4   | XOM: silly message
 11691 | Lair:4   | XOM: summons 4 friendly demons
 11784 | Lair:4   | XOM: 2-stop teleportation journey
 11903 | Lair:4   | Gained mutation: You regenerate a lot of health from kills.
                  | [demonic ancestry]
 11903 | Lair:4   | Reached XP level 13. HP: 90/90 MP: 13/13
 11919 | Lair:4   | XOM: enchant monster (bad)
 11924 | Lair:4   | XOM: noise
 11989 | Lair:5   | Entered Level 5 of the Lair of Beasts
 12146 | Lair:4   | XOM: give mutations
 12146 | Lair:4   | Lost mutation: You are dopey. (Int -2) [Xom's grace]
 12146 | Lair:4   | Gained mutation: You are agile. (Dex +4, Str/Int -1) [Xom's
                  | grace]
 12332 | Lair:4   | XOM: divination: detect creatures
 12706 | Lair:5   | XOM: potion effect (heal wounds)
 12708 | Lair:5   | XOM: potion effect (attraction)
 12717 | Lair:5   | XOM: cleaving
 12796 | Lair:5   | XOM: god gift: 45 gold pieces
 12877 | Lair:5   | Reached skill level 10 in Evocations
 13005 | Lair:5   | XOM: divination: magic mapping
 13018 | Lair:5   | XOM: summons 1 hostile demon
 13022 | Lair:5   | XOM: confusion
 13031 | Lair:5   | Reached skill level 14 in Axes
 13034 | Lair:5   | XOM: smoke on damage
 13175 | Lair:5   | XOM: swap monsters
 13245 | Lair:5   | Found a runed translucent gate.
 13245 | Lair:5   | Found a runed translucent gate.
 13245 | Lair:5   | Found a runed translucent gate.
 13258 | Lair:5   | Noticed CrazyBamboolord's ghost (journeyman DsIE)
 13258 | Lair:5   | Noticed Impy's ghost (journeyman DsSh)
 13357 | Lair:5   | Reached skill level 10 in Fighting
 13381 | Lair:5   | XOM: silly message
 13392 | Lair:5   | HP: 4/92 [black mamba (12)]
 13394 | Lair:5   | HP: 1/92 [poisoned by a black mamba]
 13395 | Lair:5   | XOM: chaos cloud
 13399 | Lair:5   | HP: 1/92 [poisoned by a black mamba]
 13459 | Lair:4   | XOM: silly message
 13593 | Lair:5   | XOM: enchant monster (bad)
 13625 | Lair:5   | Paralysed by a hornet for 2 turns
 13630 | Lair:5   | XOM: chaos cloud
 13637 | Lair:5   | XOM: confusion
 13642 | Lair:5   | XOM: polymorph water moccasin -> golden eye
 13663 | Lair:5   | XOM: noise
 13699 | Lair:5   | XOM: confusion
 13700 | Lair:5   | XOM: divination: detect creatures
 13704 | Lair:5   | XOM: divination: detect creatures
 13706 | Lair:5   | Slain by a nine-headed hydra

Illustrated notes

Levels and vault maps discovered:
D:1:      giann_wishing_wells, layout_loops_ring
D:2:      layout_basic, cheibrodos_gnoll_hut, uniq_sigmund
D:3:      layout_loops_ring, nicolae_tso_besieged_by_evil,
          mainiacjoe_overflow_chevrons, serial_shops,
          nicolae_shop_tiny_statue_garden, shop, shop, minmay_distorted,
          uniq_terence
D:4:      minmay_chambers_of_twos, layout_loops_cross,
          lemuel_zombie_altar_kikubaaqudgha, portal_sewer_entry_a
D:5:      layout_loops_cross, nicolae_overflow_squiral, minmay_misc_feat_square,
          chequers_serial_rivers_large_a
D:6:      layout_loops_ring, mainiacjoe_overflow_brackets,
          minmay_temple_entry_hall, serial_shops, shop, shop,
          nicolae_shop_tiny_glass, kennysheep_little_box,
          hangedman_abyss_or_decor_stabs, kennysheep_cross_room
D:7:      layout_loops_corners, serial_rivers, chequers_serial_rivers_small_3,
          chequers_serial_rivers_micro_e, chequers_serial_rivers_micro_d,
          chequers_serial_rivers_micro_a
D:8:      layout_cave_pools, kennysheep_mini, enter_ossuary_5
D:9:      layout_long_grid, general_overflow_altar, grunt_dithmenos_smoke,
          nicolae_yredelemnul_corpse_copse, erik_lair_island,
          nicolae_transporter_circle
D:10:     layout_cave_pools, tgw_fedhas, zin_angel,
          minmay_orc_entry_temple_small, gammafunk_ghost_berserking_beasts,
          uniq_urug
Temple:   eino_wide_crystal_templ
Lair:1:   lemuel_reptile_caves, layout_chaotic_city, ldierk_geyser,
          serial_bayou_shore_a
Lair:2:   layout_gridlike, nicolae_shoals_entry_roost, basic_altar,
          ebering_ghost_xom, lemuel_fruit_tree, uniq_nergalle
Lair:3:   layout_regular_city, spider_nest_entry_webs,
          nicolae_lair_run_with_the_wolves
Lair:4:   layout_hall_layers, nicolae_slime_entry_slimehenge
Lair:5:   guppyfry_lair_end_dragon, layout_gridlike,
          hangedman_lair_tendril_chambers, gammafunk_ghost_cemetery
Shoals:1: layout_shoals
Spider:1: layout_cave_pods, uniq_azrael
Slime:1:  layout_caves, cheibrodos_slime_lost_civilization_4

Skill      XL: |  1  2  3  4  5  6  7  8  9 10 11 12 13 |
---------------+----------------------------------------+-----
Axes           | 3 4 5 7 9 11 12 13 14 | 14.0
Dodging        | 1 2 4 5 6 7 |  7.5
Armour         | 2 3 4 5 6 7 8 9 |  9.1
Evocations     | 1 2 3 4 6 7 8 9 10 | 10.5
Fighting       | 4 5 6 7 9 10 | 10.4
Stealth        | 1 2 |  2.1

Action                     |  1- 3 |  4- 6 |  7- 9 | 10-12 | 13-15 || total
---------------------------+-------+-------+-------+-------+-------++-------
  Melee: Hand axe          |    74 |   189 |   269 |   761 |   321 ||  1614
         Touch             |     3 |    34 |    63 |   170 |    61 ||   331
         Punch             |     1 |     6 |     1 |    10 |     5 ||    23
         Kick              |       |       |    29 |   288 |   129 ||   446
         Headbutt          |       |       |       |   124 |    80 ||   204
  Evoke: Piece from Xom's  |     5 |     3 |    32 |    31 |     9 ||    80
         Wand              |       |       |       |    14 |     4 ||    18
    Use: Scroll            |     3 |     5 |     7 |    10 |     4 ||    29
         Potion            |     1 |     3 |     4 |     1 |     4 ||    13
   Stab: Petrified         |       |       |    13 |    12 |       ||    25
         Paralysed         |       |       |     7 |     6 |     5 ||    18
         Petrifying        |       |       |     1 |     3 |     2 ||     6
         Sleeping          |       |       |     1 |     4 |     2 ||     7
         Confused          |       |       |       |     6 |     5 ||    11
         Distracted        |       |       |       |     2 |       ||     2
         Invisible         |       |       |       |     4 |       ||     4
 Armour: Leather armour    |    13 |       |       |       |       ||    13
         Ring mail         |    10 |    70 |   160 |   311 |   105 ||   656
  Dodge: Dodged            |    41 |    90 |   164 |   484 |   212 ||   991

Table legend: (Time is in decaauts)
 A = Elapsed time spent in this place.
 B = Non-inter-level travel time spent in this place.
 C = Inter-level travel time spent in this place.
 D = Time resting spent in this place.
 E = Time spent auto-exploring this place.
 F = Levels seen in this place.
 G = Mean time per level.
                   A        B        C        D        E       F      G
               +--------+--------+--------+--------+--------+-----+--------+
         Total |  13455 |  13153 |    302 |   1810 |   6701 |  20 |  672.8 |
       Dungeon |   7572 |   7409 |    163 |   1041 |   3747 |  10 |  757.2 |
        Temple |      1 |      1 |      0 |      0 |      0 |   1 |    1.0 |
          Lair |   5633 |   5494 |    139 |    731 |   2907 |   5 | 1126.6 |
        Shoals |     38 |     38 |      0 |      0 |      0 |   1 |   38.0 |
   Spider Nest |      1 |      1 |      0 |      0 |      0 |   1 |    1.0 |
    Slime Pits |      3 |      3 |      0 |      0 |      0 |   1 |    3.0 |
       Ossuary |    204 |    204 |      0 |     37 |     47 |   1 |  204.0 |
               +--------+--------+--------+--------+--------+-----+--------+

Top non-repeatable levels by time:
  Lair:1: 1441 daAuts
     D:9: 1331 daAuts
     D:7: 1216 daAuts
  Lair:2: 1132 daAuts
     D:3: 1108 daAuts
  Lair:5: 1083 daAuts
  Lair:4: 1051 daAuts
     D:4: 954 daAuts
  Lair:3: 923 daAuts
     D:6: 777 daAuts
     D:1: 766 daAuts
     D:2: 577 daAuts
     D:8: 556 daAuts
     D:5: 266 daAuts
 Ossuary: 204 daAuts
